 Dungeon Crawl Stone Soup version 0.19.4-8-ga85b6b9 (console) character file.

3048 itsmu the Frost Mage (level 10, -4/55 HPs)
             Began as a Formicid Ice Elementalist on Feb 8, 2017.
             Killed from afar by a wretched star (20 damage)
             ... with an orb of energy
             ... on level 1 of the Abyss.
             The game lasted 00:45:32 (10494 turns).

itsmu the Frost Mage (Formicid Ice Elementalist)   Turns: 10494, Time: 00:45:33

Health: -4/55      AC:  8    Str: 14    XL:     10   Next: 11%
Magic:  7/17       EV: 11    Int: 17    God:
Gold:   302        SH:  0    Dex: 11    Spells: 5 memorised, 5 levels left

rFire  + . .     SeeInvis +     b - +4 trident (flame)
rCold  . . .     Gourm    .     u - +2 leather armour {rPois}
rNeg   . . .     Faith    .     (no shield)
rPois  +         Spirit   .     (helmet unavailable)
rElec  +         Reflect  .     (no cloak)
rCorr  +         Harm     .     y - +0 pair of gloves
MR     +....                    h - +1 pair of boots "Jethruwe" {rElec rF+ rCorr}
Stlth  ++........               (no amulet)
                                (no ring)
                                (no ring)

@: very slightly contaminated
A: permanent stasis, dig shafts and tunnels, four strong arms, antennae 3, frail
2
a: Dig, Shaft Self


You were on level 1 of the Abyss.
You were not hungry.

You visited 2 branches of the dungeon, and saw 10 of its levels.
You visited the Abyss 1 time.

You collected 302 gold pieces.

Inventory:

Hand Weapons
 a - a +0 whip of draining
   (You found it on level 2 of the Dungeon)
 b - a +4 trident of flaming (weapon)
   (You took it off Robin on level 2 of the Dungeon)
 p - a +0 long sword
   (You found it on level 2 of the Dungeon)
Missiles
 i - 129 arrows
 j - 96 stones (quivered)
Armour
 h - the +1 pair of boots "Jethruwe" (worn) {rElec rF+ rCorr}
   (You found it on level 6 of the Dungeon)

   It protects you from fire.
   It insulates you from electricity.
   It protects you from acid and corrosion.
 t - a +0 pair of boots
   (You found it on level 3 of the Dungeon)
 u - a +2 leather armour of poison resistance (worn)
   (You took it off an orc on level 3 of the Dungeon)
 y - a +0 pair of gloves (worn)
   (You found it on level 5 of the Dungeon)
Magical Staves
 f - an uncursed staff of poison
   (You found it on level 7 of the Dungeon)
 q - an uncursed staff of air
   (You found it on level 4 of the Dungeon)
Jewellery
 m - a +5 ring of evasion {unknown}
   (You found it on level 5 of the Dungeon)
Wands
 n - a wand of random effects (46/48)
   (You took it off Robin on level 2 of the Dungeon)
Scrolls
 x - a scroll of enchant weapon
 z - a scroll of remove curse
Potions
 d - a potion of curing
 e - a potion of haste {unknown}
 o - 2 potions of cancellation
 r - a potion of mutation {!q}
 w - a potion of heal wounds {unknown}
Books
 s - a book of Frost

   Spells                             Type                      Level
   a - Freeze                         Ice                          1
   b - Throw Frost                    Conjuration/Ice              2
   c - Ozocubu's Armour               Charms/Ice                   3
   d - Throw Icicle                   Conjuration/Ice              4
   e - Summon Ice Beast               Ice/Summoning                4
 A - a book of Minor Magic
   (You found it on level 1 of the Abyss)

   Spells                             Type                      Level
   a - Magic Dart                     Conjuration                  1
   b - Blink                          Translocation                2
   c - Call Imp                       Summoning                    2
   d - Repel Missiles                 Charms/Air                   2
   e - Slow                           Hexes                        2
   f - Conjure Flame                  Conjuration/Fire             3
   g - Mephitic Cloud                 Conjuration/Poison/Air       3
 B - a book of Flames
   (You found it on level 9 of the Dungeon)

   Spells                             Type                      Level
   a - Flame Tongue                   Conjuration/Fire             1
   b - Throw Flame                    Conjuration/Fire             2
   c - Conjure Flame                  Conjuration/Fire             3
   d - Inner Flame                    Hexes/Fire                   3
   e - Sticky Flame                   Conjuration/Fire             4
   f - Fireball                       Conjuration/Fire             5
Comestibles
 c - 4 bread rations
 g - a meat ration
 k - 2 slices of pizza
 l - 2 royal jellies
 v - 2 beef jerkies


   Skills:
 + Level 2.8 Fighting
 - Level 1.7 Dodging
 - Level 2.4 Stealth
 + Level 5.0 Spellcasting
 + Level 6.4 Conjurations
 + Level 6.3 Summonings
 + Level 8.2 Ice Magic


You had 5 spell levels left.
You knew the following spells:

 Your Spells              Type           Power        Failure   Level  Hunger
a - Freeze                Ice            ####         1%          1    None
b - Throw Frost           Conj/Ice       ####..       1%          2    #......
c - Summon Ice Beast      Ice/Summ       ####....     10%         4    ####...
d - Throw Icicle          Conj/Ice       ####....     10%         4    ####...
Q - Ozocubu's Armour      Chrm/Ice       ###.....     12%         3    ###....


Dungeon Overview and Level Annotations

Branches:
Dungeon (9/15)             Temple (1/1) D:5
   Lair: D:8-11         Orc: D:9-12

Altars:
Ashenzari
Cheibriados
Dithmenos
Elyvilon
Fedhas
Gozag
Kikubaaqudgha
Makhleb
Nemelex Xobeh
Okawaru
Sif Muna
Trog
Uskayaw
Yredelemnul
Zin
The Shining One
Jiyva

Shops:
D:5 %   D:6 =

Annotations:
D:3 ogre
D:4 Menkaure
D:8 Pikel
D:9 Erolcha


Innate Abilities, Weirdness & Mutations

You are under a permanent stasis effect.
You can dig through walls and to a lower floor.
Your four strong arms can wield two-handed weapons with a shield.
You have a pair of large antennae on your head. (SInv)
[You are very frail. (-20% HP)]


Message History

The wretched star glows turbulently.
The orb of energy hits you!
* * * LOW HITPOINT WARNING * * *
The wretched star glows turbulently.
The orb of energy hits you!
* * * LOW HITPOINT WARNING * * *
The wretched star glows turbulently.
The orb of energy hits you!
* * * LOW HITPOINT WARNING * * *
The orb of energy explodes!
Casting: Summon Ice Beast
Confirm with . or Enter, or press ? or * to list all spells.
You miscast Summon Ice Beast.
You are very lightly contaminated with residual magic.
Wisps of condensation drift from your hands.
The wretched star pulses with an eldritch light!
You feel frail. x2
The wretched star glows turbulently.
The orb of energy hits you!
You die...

##....*..+ {
#...#.#...# ..
#.###### {
##.# { #.## #
#...#.###.#
#......#*....#
...#...#..#..#
.# ## .#M#.#.#
#...#..#
#..#....#
####....#
..... ..#.# .#
. ##


You could see a wretched star.

Vanquished Creatures
  The ghost of Exporg the Shield-Bearer, a novice MiFi of Trog (D:5)
  Grinder (D:3)
  A wraith (D:9)
  A yak (D:6)
  A water moccasin (D:7)
  A black bear (D:6)
  A centaur (D:5)
  3 bullfrogs
  A water moccasin zombie (D:7)
  2 scorpions (D:6)
  2 howler monkeys
  A centaur zombie (D:6)
  A crimson imp (D:6)
  2 jellies
  A hound (D:7)
  2 orc priests
  A bullfrog skeleton (D:9)
  3 iguanas
  3 orc wizards (D:5)
  3 worker ants
  A mummy (D:7)
  Robin (D:2)
  5 gnolls
  7 adders
  3 shadow imps
  An adder zombie (D:5)
  An adder skeleton (D:7)
  4 worms
  4 dart slugs
  7 leopard geckos
  22 orcs
  A ball python (D:1)
  5 giant cockroaches
  15 hobgoblins
  15 jackals
  2 quokkas
  8 bats
  6 frilled lizards
  16 goblins
  A jackal skeleton (D:4)
  17 kobolds
  A leopard gecko skeleton (D:5)
  5 rats
180 creatures vanquished.

Vanquished Creatures (collateral kills)
  The ghost of Azzok the Archer, a novice CeHu of Okawaru (D:6)
  The ghost of Thrillho the Conjurer, a novice DECj (D:4)
  A two-headed ogre (D:9)
  2 hippogriffs
  An ice beast (D:9)
  2 slaves (D:9)
  An ogre (D:3)
  A big kobold (D:4)
  A bullfrog (D:7)
  3 howler monkeys (D:9)
  A hobgoblin (D:4)
  A quokka (D:3)
  2 kobolds (D:4)
18 creatures vanquished.

Vanquished Creatures (others)
  A jelly (D:4)
  2 fungi (D:4)
3 creatures vanquished.

Grand Total: 201 creatures vanquished

Notes
Turn   | Place    | Note
-------+----------+-------------------------------------------
     0 | D:1      | itsmu the Formicid Ice Elementalist began the quest for the Orb.
     0 | D:1      | Reached XP level 1. HP: 13/13 MP: 3/3
   348 | D:1      | Reached XP level 2. HP: 19/19 MP: 0/5
   352 | D:1      | Learned a level 2 spell: Throw Frost
   634 | D:1      | Reached skill level 1 in Conjurations
   739 | D:1      | Reached XP level 3. HP: 23/24 MP: 3/6
   862 | D:1      | Learned a level 3 spell: Ozocubu's Armour
  1156 | D:1      | Reached XP level 4. HP: 24/30 MP: 0/8
  1693 | D:2      | Noticed Robin
  1705 | D:2      | Reached skill level 4 in Ice Magic
  1756 | D:1      | wow nice weapon dude
  1993 | D:2      | Reached XP level 5. HP: 35/35 MP: 4/9
  2294 | D:2      | Killed Robin
  2506 | D:2      | Learned a level 4 spell: Summon Ice Beast
  2639 | D:3      | Found a faded altar of an unknown god.
  2639 | D:3      | Found a burning altar of Makhleb.
  3053 | D:3      | Reached skill level 1 in Summonings
  3056 | D:3      | Reached XP level 6. HP: 31/41 MP: 0/11
  3689 | D:3      | Noticed an ogre
  3775 | D:4      | Noticed Menkaure
  4154 | D:4      | Found a blossoming altar of Fedhas.
  4198 | D:4      | Noticed Thrillho's ghost (novice DECj)
  4206 | D:5      | Entered Level 5 of the Dungeon
  4259 | D:5      | Found Ytygh's Food Boutique.
  4366 | D:4      | Found a faded altar of an unknown god.
  4366 | D:4      | Found an opulent altar of Gozag.
  4373 | D:4      | Found a faded altar of an unknown god.
  4375 | D:4      | Found a faded altar of an unknown god.
  4376 | D:4      | Found a faded altar of an unknown god.
  4534 | D:5      | Noticed Exporg's ghost (novice MiFi)
  4608 | D:5      | Reached XP level 7. HP: 46/46 MP: 8/13
  4615 | D:5      | Learned a level 4 spell: Throw Icicle
  4742 | D:5      | Reached skill level 5 in Ice Magic
  4745 | D:5      | Found a staircase to the Ecumenical Temple.
  4756 | Temple   | Entered the Ecumenical Temple
  5356 | D:6      | Found a white marble altar of Elyvilon.
  5440 | D:6      | Found Beffaus's Jewellery Boutique.
  5588 | D:6      | Got a pair of scorched boots
  5747 | D:6      | Identified the +1 pair of boots "Jethruwe" {rElec rF+ rCorr} (You found it on level 6 of the Dungeon)
  5747 | D:6      | wow
  5747 | D:6      | please don't die
  5778 | D:6      | Reached XP level 8. HP: 52/52 MP: 10/14
  5829 | D:6      | Noticed Azzok's ghost (novice CeHu)
  5829 | D:6      | whyyyyy
  5912 | D:7      | Noticed a hippogriff
  6002 | D:6      | Reached skill level 6 in Ice Magic
  6161 | D:7      | Noticed a yak
  6162 | D:7      | Noticed a yak
  6162 | D:7      | Noticed a yak
  6199 | D:6      | Killed a yak
  6483 | D:5      | ok
  7078 | D:4      | Noticed Grinder
  7111 | D:3      | Killed Grinder
  7111 | D:3      | Reached skill level 5 in Conjurations
  7383 | D:4      | HP: 1/52 [Thrillho's ghost/orb of energy (23)]
  7632 | D:4      | Killed Thrillho's ghost
  7632 | D:4      | Reached XP level 9. HP: 48/57 MP: 3/15
  7758 | D:4      | Found a glowing golden altar of the Shining One.
  7767 | D:4      | Found a hide-covered altar of Uskayaw.
  7856 | D:4      | Reached skill level 7 in Ice Magic
  8052 | D:4      | Reached skill level 5 in Summonings
  8121 | D:6      | Killed Azzok's ghost
  8458 | D:5      | Killed Exporg's ghost
  8934 | D:6      | Found a shadowy altar of Dithmenos.
  9038 | D:6      | Killed a hippogriff
  9038 | D:6      | Reached skill level 1 in Fighting
  9361 | D:7      | You fall through a shaft for 2 floors!
  9362 | D:9      | please no
  9425 | D:9      | Reached skill level 8 in Ice Magic
  9436 | D:8      | Noticed Pikel
  9438 | D:8      | Noticed a two-headed ogre
  9710 | D:9      | why did they desummon
  9735 | D:9      | Killed a two-headed ogre
  9735 | D:9      | Reached XP level 10. HP: 47/68 MP: 3/17
 10116 | D:9      | Found a sparkling altar of Nemelex Xobeh.
 10123 | D:9      | Reached skill level 5 in Spellcasting
 10281 | D:9      | Noticed Erolcha
 10305 | D:9      | oh right invis
 10376 | D:9      | Found a deep blue altar of Sif Muna.
 10397 | D:9      | Cast into level 1 of the Abyss (Erolcha)
 10398 | Abyss:1  | oh fuck off
 10443 | Abyss:1  | Noticed a glowing orange brain
 10448 | Abyss:1  | Noticed a tentacled monstrosity
 10461 | Abyss:1  | Noticed a mana viper
 10476 | Abyss:1  | Noticed an ancient lich
 10482 | Abyss:1  | Noticed a wretched star
 10494 | Abyss:1  | Killed from afar by a wretched star

Skill      XL: |  1  2  3  4  5  6  7  8  9 10 |
---------------+-------------------------------+-----
Conjurations   | 1 2 3 5 6 |  6.4
Spellcasting   | 3 4 5 |  5.0
Ice Magic      | 4 5 6 8 |  8.2
Summonings     | 1 3 4 6 |  6.3
Fighting       | 2 |  2.8
Dodging        | |  1.7
Stealth        | |  2.4

Action                   |  1- 3 |  4- 6 |  7- 9 | 10-12 || total
-------------------------+-------+-------+-------+-------++-------
Melee: Unarmed           |     4 |       |       |       ||     4
       Whip              |       |    53 |       |       ||    53
       Long sword        |       |     9 |       |       ||     9
       Trident           |       |    69 |   174 |     6 ||   249
Throw: Stone             |     2 |    26 |     6 |       ||    34
 Cast: Freeze            |    50 |    36 |    37 |       ||   123
       Throw Frost       |     4 |    49 |    41 |     4 ||    98
       Summon Ice Beast  |       |       |    41 |    16 ||    57
       Ozocubu's Armour  |       |       |     1 |       ||     1
 Abil: Dig               |     4 |    14 |    13 |     9 ||    40
Evoke: Wand              |       |     5 |     1 |       ||     6
  Use: Scroll            |       |     7 |     3 |       ||    10
       Potion            |       |       |     1 |     2 ||     3
 Stab: Sleeping          |       |     3 |     2 |       ||     5
       Distracted        |       |       |     3 |       ||     3
  Eat: Chunk             |     2 |    15 |    23 |     5 ||    45
       Fruit             |       |     1 |     1 |       ||     2
       Pizza             |       |       |     1 |       ||     1
       Beef jerky        |       |       |     1 |       ||     1
       Meat ration       |       |       |       |     1 ||     1
Armor: Robe              |    13 |    17 |       |       ||    30
       Leather armour    |       |    10 |    71 |     2 ||    83
       Skin              |       |       |     2 |       ||     2
Dodge: Dodged            |    31 |   103 |   120 |     6 ||   260
       Rpst.: Long sword |       |     3 |       |       ||     3
